 Dungeon Crawl Stone Soup version 0.22-a0-224-g8cf3520 (webtiles) character file.

45 4thArraOfDagon the Skirmisher (level 3, 0/26 HPs)
             Began as an Octopode Arcane Marksman on Feb 19, 2018.
             Slain by an adder (5 damage)
             ... on level 3 of the Dungeon.
             The game lasted 00:01:43 (290 turns).

4thArraOfDagon the Skirmisher (OpAM)                 Turns: 290, Time: 00:01:44

Health: 0/26       AC:  1    Str:  9    XL:     3   Next: 64%
Magic:  4/4        EV: 13    Int: 16    God:
Gold:   29         SH:  0    Dex: 12    Spells: 3/4 levels left

rFire    . . .     SeeInvis .   c - +0 dagger (venom)
rCold    . . .     Gourm    .   (no shield)
rNeg     . . .     Faith    .   (helmet restricted)
rPois    .         Spirit   .   (no amulet)
rElec    .         Reflect  .   (no ring)
rCorr    .         Harm     .   (no ring)
MR       .....                  (no ring)
Stlth    ++........             (no ring)
HPRegen  0.08/turn              (no ring)
MPRegen  0.09/turn              (no ring)
                                (no ring)
                                (no ring)

@: no status effects
A: almost no armour, stealthy swim, amphibious, 8 rings, constrict 8, camouflage
1, gelatinous body 1
a: no special abilities


You were on level 3 of the Dungeon.
You were not hungry.

You visited 1 branch of the dungeon, and saw 3 of its levels.

You collected 29 gold pieces.

Inventory:

Hand Weapons
 c - a +0 dagger of venom (weapon)
 d - a +0 short sword
Scrolls
 b - a scroll of enchant armour {unknown}
 e - a scroll of amnesia {unknown}
Comestibles
 a - a ration


   Skills:
 + Level 3.4 Fighting
 - Level 2.0 Throwing
 - Level 2.0 Dodging
 - Level 1.0 Spellcasting
 - Level 3.0 Hexes


You had 3 spell levels left.
You knew the following spells:

 Your Spells              Type           Power        Failure   Level  Hunger
a - Corona                Hex            ##.....      7%          1    ##.....


Dungeon Overview and Level Annotations

Branches:
Dungeon (3/15)

Altars:
Gozag


Innate Abilities, Weirdness & Mutations

You cannot wear most types of armour.
You are very stealthy in the water. (Stealth+)
You are amphibious.
You can wear up to eight rings at the same time.
You can use your tentacles to constrict eight enemies at once.
Your skin changes colour to match your surroundings (Stealth+).
Your rubbery body absorbs attacks. (AC +1, EV +1)


Message History

You hit the adder.
The adder is poisoned.
Your grab misses the adder. Your squeeze misses the adder.
The adder is lightly wounded.
The adder bites you.
* * * LOW HITPOINT WARNING * * *
Unknown command.
The adder barely misses you.
Unknown command.
Unknown command.
You aren't carrying any potions.
You barely miss the adder. Your grab misses the adder.
The adder is heavily wounded.
The adder closely misses you.
Unknown command.
Unknown command.
You hit the adder but do no damage.
The adder looks even sicker.
Your grab misses the adder. Your squeeze misses the adder.
The adder is heavily wounded.
The adder bites you.
You die...

##.## #.#
##...####.#
#..#......#
#####....######
.........#
####?...## #
###....##
#.##......)#
#...@......#
#.##.S....%#
###K...##
...........#
##.......###
####.#..#
#.#..# #.#..# .
...#


You could see an adder and a kobold.

Vanquished Creatures
  2 adders (D:2)
  An ooze (D:2)
  A worm (D:2)
  A leopard gecko (D:3)
  2 bats
  2 goblins (D:2)
  4 hobgoblins
  3 kobolds
  A frilled lizard (D:3)
  2 rats (D:2)
19 creatures vanquished.

Notes
Turn   | Place    | Note
-------+----------+-------------------------------------------
     0 | D:1      | 4thArraOfDagon the Octopode Arcane Marksman began the quest for the Orb.
     0 | D:1      | Reached XP level 1. HP: 13/13 MP: 2/2
    44 | D:2      | Found an opulent altar of Gozag.
    55 | D:2      | Reached XP level 2. HP: 12/20 MP: 3/3
   149 | D:2      | Reached XP level 3. HP: 21/25 MP: 4/4
   290 | D:3      | Slain by an adder

Vault maps used:
D:1:      lemuel_arrival_hallway, grunt_decor_one_mirror, serial_bayou_pond_e
D:2:      tgw_trog, nicolae_gozag_cash_rules_everything_around_me,
          kennysheep_generic_room_3
D:3:      lemuel_zombie_altar_kikubaaqudgha

Skill      XL: |  1  2  3 |
---------------+----------+-----
Fighting       | 2 3 |  3.4
Throwing       | |  2.0
Dodging        | |  2.0
Spellcasting   | |  1.0
Hexes          | |  3.0

Action                   || total
-------------------------++-------
Melee: Short sword       ||     5
       Unarmed           ||     5
       Tentacles         ||     8
       Constrict         ||     9
       Dagger            ||    34
Throw: Throwing net      ||     3
       Javelin           ||    10
  Use: Potion            ||     1
 Stab: Sleeping          ||     3
       Distracted        ||     1
Dodge: Dodged            ||    21

Table legend:
 A = Spawn XP
 B = Non-spawn XP
 C = Spawn XP percentage of total XP
 D = Spawn monster count
 E = Non-spawn monster count
 F = Spawn count percentage of total count
 G = Total turns spent on level
                    A         B        C        D         E        F      G
               +---------+---------+-------+---------+---------+-------+---------
         Total |       0 |      65 |   0.0 |       0 |      19 |   0.0 |   290
               +---------+---------+-------+---------+---------+-------+---------
           D:1 |       0 |       4 |   0.0 |       0 |       2 |   0.0 |    33
           D:2 |       0 |      50 |   0.0 |       0 |      11 |   0.0 |   159
           D:3 |       0 |      11 |   0.0 |       0 |       6 |   0.0 |    98
               +---------+---------+-------+---------+---------+-------+---------
